 Dungeon Crawl Stone Soup version 0.23.0-3-gf3c87f2df8 (webtiles) character file.

Game seed: 16592454027966642071

88 Revguard the Skirmisher (level 4, 0/37 HPs)
             Began as a Formicid Monk on Feb 21, 2019.
             Slain by an adder (1 damage)
             ... on level 4 of the Dungeon.
             The game lasted 00:07:52 (3024 turns).

Revguard the Skirmisher (Formicid Monk)             Turns: 3024, Time: 00:07:56

Health: 0/37       AC: 14    Str: 20    XL:     4   Next: 81%
Magic:  4/4        EV:  7    Int: 10    God:
Gold:   96         SH:  0    Dex: 14    Spells: 3/3 levels left

rFire    + . .     SeeInvis +   a - +0 hand axe
rCold    x . .     Gourm    .   (no shield)
rNeg     . . .     Faith    .   f - +0 plate armour
rPois    .         Spirit   .   (helmet unavailable)
rElec    .         Reflect  .   q - +2 cloak
rCorr    .         Harm     .   (no gloves)
MR       .....                  (no boots)
Stlth    ..........             (no amulet)
HPRegen  0.12/turn              h - ring of fire
MPRegen  0.09/turn              (no ring)

@: mighty, lethally poisoned (0 -> -3)
A: permanent stasis, dig shafts and tunnels, four strong arms, antennae 3
a: Dig, Shaft Self


You were on level 4 of the Dungeon.
You were near starving.

You visited 1 branch of the dungeon, and saw 4 of its levels.

You collected 96 gold pieces.

Inventory:

Hand Weapons
 a - a +0 hand axe (weapon)
Armour
 b - a +0 robe
 f - a +0 plate armour (worn)
 q - a +2 cloak (worn)
Jewellery
 h - a ring of fire (left hand)
Scrolls
 e - a scroll of identify
 g - 2 scrolls of remove curse {unknown}
 i - a scroll of enchant armour {unknown}
 j - 2 scrolls of amnesia {unknown}
 m - a scroll of teleportation {unknown}
 n - a scroll of immolation {unknown}
Potions
 k - a potion of agility
 l - a potion of flight
 o - 2 potions of curing
 p - a potion of degeneration
Comestibles
 c - 4 rations


   Skills:
 + Level 3.8 Fighting
 + Level 3.7 Axes
 * Level 2.6 Armour
 + Level 3.0 Dodging
 - Level 2.4 Stealth


You had 3 spell levels left.
You didn't know any spells.
Your spell library was empty.

Dungeon Overview and Level Annotations

Branches:
Dungeon (4/15)
 Temple: D:4-7

Altars:
Nemelex Xobeh
Trog
Xom


Innate Abilities, Weirdness & Mutations

You cannot be hasted, slowed, berserked, paralysed or teleported.
You can dig through walls and to a lower floor.
Your four strong arms can wield two-handed weapons with a shield.
You have a pair of large antennae on your head. (SInv)


Message History

The magic dart hits you. The adder bites you but does no damage.
You closely miss the adder.
The adder is lightly wounded.
You hit the orc wizard.
You feel sick. The adder bites you but does no damage.
The orc wizard hits you but does no damage.
You miss the adder.
The adder is lightly wounded.
You hit the orc wizard but do no damage.
The adder bites you.
The orc wizard hits you with a +0 dagger.
The adder bites you.
* * * LOW HITPOINT WARNING * * *
It was a potion of might.
You feel very mighty all of a sudden.
You feel sick. The orc wizard casts a spell at you. The magic dart hits you!
* * * LOW HITPOINT WARNING * * *
The adder bites you.
You die...

≈ ≈≈≈
########
≈P♣P♣♣... ..#
PP≈≈≈PP.###.#
≈≈≈≈≈♣o...S.#
≈≈≈≈≈≈♣.###@#
≈≈≈ ♣P<..o.#
≈ ♣♣≈#.....#
P≈≈#.###.#
≈≈P♣≈#.# ...
≈≈≈≈≈≈♣#.#
### ≈≈≈≈ ≈
... ≈≈≈≈≈P
### ≈≈≈ ≈♣


You could see 2 orc wizards and an adder.

Vanquished Creatures
  An adder (D:3)
  2 worms
  A dart slug (D:1)
  4 leopard geckos
  2 orcs
  7 bats
  6 giant cockroaches
  3 goblins
  5 hobgoblins
  9 jackals
  7 kobolds
  A quokka (D:2)
  4 frilled lizards
  6 rats
58 creatures vanquished.

Notes
Turn   | Place    | Note
-------+----------+-------------------------------------------
     0 | D:1      | Revguard the Formicid Monk began the quest for the Orb.
     0 | D:1      | Reached XP level 1. HP: 18/18 MP: 1/1
   175 | D:1      | Reached XP level 2. HP: 13/24 MP: 2/2
   451 | D:1      | Reached skill level 1 in Armour
   610 | D:1      | Reached XP level 3. HP: 20/29 MP: 3/3
  1544 | D:2      | Found a shimmering altar of Xom.
  1633 | D:2      | Reached XP level 4. HP: 32/37 MP: 4/4
  1932 | D:3      | Found a faded altar of an unknown god.
  2426 | D:3      | Found a bloodstained altar of Trog.
  2611 | D:3      | Found a sparkling altar of Nemelex Xobeh.
  3024 | D:4      | HP: 1/37 [orc wizard/magic dart (9)]
  3024 | D:4      | Slain by an adder

Skill      XL: |  1  2  3  4 |
---------------+-------------+-----
Armour         | 1 2 |  2.6
Dodging        | 3 |  3.0
Fighting       | |  3.8
Axes           | |  3.7
Stealth        | |  2.4

Action                   |  1- 3 |  4- 6 || total
-------------------------+-------+-------++-------
Melee: Hand axe          |   147 |    76 ||   223
 Abil: Dig               |       |     1 ||     1
  Use: Scroll            |       |     5 ||     5
       Potion            |       |     2 ||     2
  Eat: Chunk             |     2 |     3 ||     5
Armor: Plate armour      |   104 |    90 ||   194
Dodge: Dodged            |    43 |    33 ||    76
